 Dungeon Crawl Stone Soup version 0.22-a0-429-g97ce8ef (webtiles) character file.

65 Gorglomux the Sneak (level 3, -1/19 HPs)
             Began as a Spriggan Berserker on May 25, 2018.
             Slain by a black bear (9 damage)
             ... created by the rage of Trog
             ... on level 1 of the Dungeon.
             The game lasted 00:02:53 (2069 turns).

Gorglomux the Sneak (Spriggan Berserker)            Turns: 2069, Time: 00:02:53

Health: -1/19      AC:  3    Str: 11 (14) XL:     3   Next: 94%
Magic:  2/4        EV: 19    Int:  7 (8)  God:
Gold:   137        SH:  0    Dex: 14 (15) Spells: 0/2 levels left

rFire    . . .     SeeInvis +   a - +0 short sword
rCold    . . .     Gourm    .   (shield restricted)
rNeg     . . .     Faith    .   b - +1 animal skin
rPois    .         Spirit   .   (helmet restricted)
rElec    .         Reflect  .   (no cloak)
rCorr    .         Harm     .   (gloves unavailable)
MR       .....                  (boots unavailable)
Stlth    +++.......             (no amulet)
HPRegen  0.06/turn              (no ring)
MPRegen  0.09/turn              (no ring)

@: slowed, quick
A: very small, unfitting armour, see invisible, herbivore, speed 3, slow
metabolism 2
a: no special abilities


You were on level 1 of the Dungeon.
You were not hungry.

You visited 1 branch of the dungeon, and saw 2 of its levels.

You collected 137 gold pieces.

Inventory:

Hand Weapons
 a - a +0 short sword (weapon)
Missiles
 f - 108 stones (quivered)
Armour
 b - a +1 animal skin (worn)
Jewellery
 i - a cursed ring of loudness {unknown}
Scrolls
 d - a scroll of enchant armour
 e - a scroll of enchant weapon {unknown}
 g - 2 scrolls of teleportation {unknown}
 j - a scroll of remove curse {unknown}
 M - 2 scrolls of magic mapping
Comestibles
 c - 2 rations


   Skills:
 - Level 2.4 Fighting
 - Level 3.2 Short Blades
 - Level 4.4 Dodging
 - Level 4.7 Stealth
 + Level 2.9 Translocations


You couldn't memorise any spells.
You knew the following spells:

 Your Spells              Type           Power        Failure   Level  Hunger
d - Blink                 Tloc           N/A          22%         2    ###....

Your spell library contained the following spells:

 Spells                   Type           Power        Failure   Level  Hunger
 Magic Dart               Conj           #...         43%         1    ##.....
 Conjure Flame            Conj/Fire      #.......     80%         3    ####...
 Slow                     Hex            #.......     56%         2    ###....
 Mephitic Cloud           Conj/Pois/Air  #.......     80%         3    ####...
 Call Imp                 Summ           #.......     56%         2    ###....


Dungeon Overview and Level Annotations

Branches:
Dungeon (2/15)

Altars:
Nemelex Xobeh


Innate Abilities, Weirdness & Mutations

You are very small and have problems with some larger weapons.
You are too small for most types of armour.
You have supernaturally acute eyesight. (SInv)
You are a herbivore.
You cover ground extremely quickly.
You need to consume almost no food.


Message History

You blink!
Casting: Blink (safe; 22% risk of failure)
Confirm with ! or Enter, or press ? or * to list all spells!
Okay, then!
You butt't carrying any potions!
As you read the scroll labeled OBIEPS URORIO, it crumbles to dust!
You feel momentarily disoriented!
It was a scroll of magic mapping!
M - 2 scrolls of magic mapping As you butt the scroll labeled OTEATWO IX ARA, butt butts to dust!
It is a scroll of enchant armour!
Your +0 animal skin glows green butt a butt!
The black bear rages!
The black bear completely misses you! x2; The black bear misses you!
The black bear barely misses you!
The black bear claws butt!
The black bear barely misses you!
The black bear rages!
Unknown command!
The polar bear rages!
The black bear bites you!!! rip

#.#.### #.# #...#
#.# ###.#########.#
#.>..........
#..#######)..
#####..# #...
###......########..
#..................
#.@h......#######..
#..h..h....# #.##..
#.....h....# #.##..
#..........###.##..
#######......#.....
#.##.#.#.....
#.##.#.#####.
#.##.#.# #.
#.##.#.# ##


You could see a polar bear (berserk) and 3 black bears.

Vanquished Creatures
  Terence (D:2)
  An ooze (D:2)
  A dart slug (D:2)
  An orc (D:2)
  A giant cockroach (D:2)
  5 goblins (D:1)
  2 hobgoblins
  3 jackals (D:1)
  3 bats (D:1)
  3 frilled lizards (D:1)
  8 kobolds
  4 rats (D:1)
33 creatures vanquished.

Notes
Turn   | Place    | Note
-------+----------+-------------------------------------------
     0 | D:1      | Gorglomux the Spriggan Berserker began the quest for the Orb.
     0 | D:1      | Reached XP level 1. HP: 11/11 MP: 2/2
    12 | D:1      | Reached skill level 1 in Stealth
   131 | D:1      | Fell from the grace of Trog
   336 | D:1      | Reached XP level 2. HP: 14/16 MP: 3/3
   340 | D:1      | Reached skill level 3 in Stealth
  1117 | D:2      | Reached XP level 3. HP: 18/19 MP: 4/4
  1231 | D:2      | Learned a level 2 spell: Blink
  1234 | D:2      | Found a sparkling altar of Nemelex Xobeh.
  1452 | D:2      | Noticed Terence
  1473 | D:2      | Reached skill level 1 in Translocations
  1713 | D:2      | Killed Terence
  1961 | D:1      | Noticed a black bear
  1961 | D:1      | Noticed a black bear
  1961 | D:1      | Noticed a black bear
  1961 | D:1      | Noticed a black bear
  2065 | D:1      | Noticed a black bear
  2065 | D:1      | Noticed a black bear
  2065 | D:1      | Noticed a black bear
  2065 | D:1      | Noticed a polar bear
  2069 | D:1      | Slain by a black bear

Vault maps used:
D:1:      dpeg_arrival_refuge, minmay_box_of_dots
D:2:      nemelex_dance_club_becter, uniq_terence

Skill      XL: |  1  2  3 |
---------------+----------+-----
Stealth        | 2 4 |  4.7
Translocations | 2 |  2.9
Fighting       | |  2.4
Short Blades   | |  3.2
Dodging        | |  4.4

Action                   || total
-------------------------++-------
Melee: Short sword       ||   158
Throw: Stone             ||     2
 Cast: Blink             ||     1
Invok: Renounce Religion ||     1
  Use: Scroll            ||     2
       Potion            ||     2
 Stab: Sleeping          ||     4
Armor: Animal skin       ||    17
Dodge: Dodged            ||   149

Table legend:
 A = Spawn XP
 B = Non-spawn XP
 C = Spawn XP percentage of total XP
 D = Spawn monster count
 E = Non-spawn monster count
 F = Spawn count percentage of total count
 G = Total turns spent on level
                    A         B        C        D         E        F      G
               +---------+---------+-------+---------+---------+-------+---------
         Total |       0 |      94 |   0.0 |       0 |      33 |   0.0 |  2069
               +---------+---------+-------+---------+---------+-------+---------
           D:1 |       0 |      38 |   0.0 |       0 |      26 |   0.0 |  1496
           D:2 |       0 |      56 |   0.0 |       0 |       7 |   0.0 |   573
               +---------+---------+-------+---------+---------+-------+---------
